 Dungeon Crawl Stone Soup version 0.22-a0-358-g7563fe7 (webtiles) character file.

99 GameOver the Conjurer (level 4, -5/36 HPs)
             Began as a Naga Wizard on Apr 19, 2018.
             Slain by a gnoll
             ... wielding a +0 flail
              (11 damage)
             ... on level 2 of the Dungeon.
             The game lasted 00:08:03 (1059 turns).

GameOver the Conjurer (Naga Wizard)                 Turns: 1059, Time: 00:08:04

Health: -5/36      AC:  3    Str:  9    XL:     4   Next: 72%
Magic:  6/8        EV: 10    Int: 19    God:
Gold:   53         SH:  0    Dex: 10    Spells: 3/9 levels left

rFire    . . .     SeeInvis +   g - +1 short sword
rCold    . . .     Gourm    .   (no shield)
rNeg     . . .     Faith    .   a - +0 robe
rPois    +         Spirit   .   m - +0 helmet
rElec    .         Reflect  .   (no cloak)
rCorr    .         Harm     .   (no gloves)
MR       .....                  (no barding)
Stlth    ++........             (no amulet)
HPRegen  0.12/turn              (no ring)
MPRegen  0.11/turn              (no ring)

@: about to teleport, very slow
A: large, see invisible, deformed body, poison resistance, slowness 2, slow
metabolism 1, spit poison 1, AC +1
a: Spit Poison


You were on level 2 of the Dungeon.
You were hungry.

You visited 1 branch of the dungeon, and saw 2 of its levels.

You collected 53 gold pieces.

Inventory:

Hand Weapons
 f - a +0 dagger
 g - a +1 short sword (weapon)
 p - a +0 spear
Missiles
 n - 8 arrows
Armour
 a - a +0 robe (worn)
 b - a +0 hat
 m - a +0 helmet (worn)
Scrolls
 c - a scroll of remove curse {unknown}
 h - a scroll of enchant armour {unknown}
 i - 2 scrolls of identify {unknown}
Potions
 e - a potion of curing
 q - a potion of flight
Comestibles
 d - 7 rations
 l - 4 chunks of flesh


   Skills:
 - Level 1.5 Dodging
 - Level 3.0 Stealth
 - Level 3.0 Spellcasting
 * Level 3.9 Conjurations
   Level 1.0 Summonings
 - Level 1.0 Translocations
 + Level 2.1 Poison Magic


You had 3 spell levels left.
You knew the following spells:

 Your Spells              Type           Power        Failure   Level  Hunger
a - Magic Dart            Conj           ###.         3%          1    None
b - Blink                 Tloc           N/A          16%         2    ##.....
s - Mephitic Cloud        Conj/Pois/Air  ##......     21%         3    ###....


Dungeon Overview and Level Annotations

Branches:
Dungeon (2/15)

Altars:


Innate Abilities, Weirdness & Mutations

You cannot wear boots.
Your serpentine skin is tough. (AC +1)
You have supernaturally acute eyesight. (SInv)
Armour fits poorly on your strangely shaped body.
Your system is resistant to poisons. (rPois)
You cover ground very slowly.
You have a slow metabolism.
You can spit poison.


Message History

The gnoll completely misses you.
The gnoll hits you from afar with a halberd.
* * * LOW HITPOINT WARNING * * *
Okay, then.
You feel better.
You have got your breath back.
You are feeling hungry.
Press: ? - help, Shift-Dir - straight line, f/p - gnoll
Aim: a gnoll, wielding a halberd The splash of poison hits the gnoll.
The gnoll is poisoned.
The gnoll is lightly wounded.
You feel slightly more hungry. The gnoll closely misses you. x2
The gnoll hits you with a flail!
* * * LOW HITPOINT WARNING * * *
Okay, then.
As you read the scroll labeled AHYIDGHYANU, it crumbles to dust.
You feel strangely unstable.
It was a scroll of teleportation.
You have got your breath back.
The gnoll hits you with a flail!
You die...

#.##########......#
....)...)...>.#.###
.############.#.##
.# #....## .#
#.....### .#
#..)....### ##
#.........#
#.........###
#.gg@.......#
#.###÷....#.#
#†###.....#
#....†..###
#..#####.# #..# .#
#... .# #... g.
#... ).


You could see 2 gnolls.

Vanquished Creatures
  3 gnolls (D:2)
  2 adders (D:2)
  A worm (D:1)
  A dart slug (D:1)
  3 leopard geckos
  2 ball pythons (D:1)
  7 goblins
  2 hobgoblins (D:2)
  7 bats
  3 frilled lizards (D:1)
  8 kobolds
  10 rats
49 creatures vanquished.

Notes
Turn   | Place    | Note
-------+----------+-------------------------------------------
     0 | D:1      | GameOver the Naga Wizard began the quest for the Orb.
     0 | D:1      | Reached XP level 1. HP: 15/15 MP: 4/4
    71 | D:1      | Reached XP level 2. HP: 21/22 MP: 3/6
   326 | D:1      | Reached XP level 3. HP: 28/28 MP: 7/7
   384 | D:1      | Learned a level 2 spell: Blink
   388 | D:1      | Learned a level 3 spell: Mephitic Cloud
   799 | D:2      | Reached skill level 1 in Poison Magic
   886 | D:2      | Reached XP level 4. HP: 32/36 MP: 1/8
  1059 | D:2      | Slain by a gnoll

Vault maps used:
D:1:      minmay_arrival_arboretum_small, serial_bayou, serial_bayou_shore_a,
          serial_bayou_ford_a, serial_bayou_pond_e, serial_bayou_pond_c,
          minmay_vboxes
D:2:      nicolae_overflow_hidden_temple, uniq_jessica

Skill      XL: |  1  2  3  4 |
---------------+-------------+-----
Conjurations   | 2 3 |  3.9
Poison Magic   | 1 2 |  2.1
Dodging        | |  1.5
Stealth        | |  3.0
Spellcasting   | |  3.0
Summonings     | |  1.0
Translocations | |  1.0

Action                   |  1- 3 |  4- 6 || total
-------------------------+-------+-------++-------
Melee: Short sword       |     8 |       ||     8
 Cast: Magic Dart        |    38 |    16 ||    54
 Abil: Spit Poison       |    31 |    12 ||    43
  Use: Potion            |       |     4 ||     4
       Scroll            |       |     2 ||     2
 Stab: Sleeping          |     1 |       ||     1
  Eat: Chunk             |     1 |     1 ||     2
Armor: Robe              |     2 |     3 ||     5
Dodge: Dodged            |    11 |    16 ||    27

Table legend:
 A = Spawn XP
 B = Non-spawn XP
 C = Spawn XP percentage of total XP
 D = Spawn monster count
 E = Non-spawn monster count
 F = Spawn count percentage of total count
 G = Total turns spent on level
                    A         B        C        D         E        F      G
               +---------+---------+-------+---------+---------+-------+---------
         Total |       0 |     142 |   0.0 |       0 |      49 |   0.0 |  1059
               +---------+---------+-------+---------+---------+-------+---------
           D:1 |       0 |      51 |   0.0 |       0 |      31 |   0.0 |   784
           D:2 |       0 |      91 |   0.0 |       0 |      18 |   0.0 |   275
               +---------+---------+-------+---------+---------+-------+---------
